 Dungeon Crawl Stone Soup version 0.21.0-3-g78d12a8 (webtiles) character file.

10337 zhorgal the Skirmisher (level 11, -3/61 HPs)
             Began as a Tengu Air Elementalist on Jan 10, 2018.
             Was an Elder of Hepliaklqana.
             Slain by a yak (11 damage)
             ... on level 1 of the Lair of Beasts.
             The game lasted 01:15:44 (15031 turns).

zhorgal the Skirmisher (Tengu Air Elementalist)    Turns: 15031, Time: 01:15:45

Health: -3/61      AC:  7    Str: 11    XL:     11   Next: 60%
Magic:  0/17       EV: 19    Int: 16    God:    Hepliaklqana [****..]
Gold:   526        SH:  6    Dex: 18    Spells: 6/14 levels left

rFire    . . .     SeeInvis .   a - +4 short sword
rCold    . . .     Gourm    .   i - +0 buckler
rNeg     . . .     Faith    .   l - +0 robe
rPois    .         Spirit   +   (helmet restricted)
rElec    .         Reflect  .   Y - +2 cloak {+Inv}
rCorr    +         Harm     .   M - +0 pair of fencer's gloves {+Riposte Dex+3}
MR       .....                  (boots unavailable)
Stlth    ++........             Q - amulet of guardian spirit
HPRegen  0.20/turn              h - ring of resist corrosion
MPRegen  0.15/turn              F - +1 ring of evasion

@: lethally poisoned (-3 -> -21), swift, quick
A: reduced essence, beak, talons 3, able to fly 1
a: Fly, Recall Ancestor, Ancestor Identity, Transference, Idealise, Renounce
Religion, Evoke Invisibility


You were on level 1 of the Lair of Beasts.
You worshipped Hepliaklqana.
Hepliaklqana was greatly pleased with you.
You were not hungry.

You visited 2 branches of the dungeon, and saw 10 of its levels.

You collected 526 gold pieces.

Inventory:

Hand Weapons
 a - a +4 short sword (weapon)
 b - a +1 short sword of holy wrath
 p - a +0 hunting sling
 w - a +0 scimitar
 x - a +1 dagger of flaming
 B - a +2 whip of electrocution
 H - a +2 dagger of electrocution
 I - a +2 spear of venom
Missiles
 q - 323 stones (quivered)
 r - a throwing net
 E - 6 javelins of returning
 L - 12 javelins
 Z - 62 sling bullets
Armour
 d - a +0 chain mail
 i - a +0 buckler (worn)
 l - a +0 robe (worn)
 D - a +0 leather armour
 J - a +2 scale mail of poison resistance
 M - the +0 pair of fencer's gloves (worn) {+Riposte Dex+3}
   (You found it on level 6 of the Dungeon)

   It affects your dexterity (+3).
 Y - a +2 cloak of invisibility (worn)
Jewellery
 h - a ring of resist corrosion (left hand)
 F - a +1 ring of evasion (right hand)
 N - an uncursed ring of ice
 Q - an amulet of guardian spirit (around neck)
Wands
 e - a wand of iceblast (14)
 v - a wand of disintegration (4)
 y - a wand of polymorph (27)
 C - a wand of flame (38)
Scrolls
 f - a scroll of fear
 j - 8 scrolls of remove curse {unknown}
 k - 2 scrolls of immolation
 o - a scroll of magic mapping
 t - a scroll of teleportation
Potions
 m - a potion of heal wounds
 n - a potion of agility
 s - a potion of might
 u - a potion of brilliance
 z - a potion of invisibility
 A - 2 potions of lignification
 U - 3 potions of curing
 V - a potion of mutation
 W - a potion of flight
 X - a potion of cancellation
Books
 g - a book of Minor Magic

   Spells                             Type                      Level
   a - Magic Dart                     Conjuration                  1
   b - Blink                          Translocation                2
   c - Call Imp                       Summoning                    2
   d - Slow                           Hexes                        2
   e - Conjure Flame                  Conjuration/Fire             3
   f - Mephitic Cloud                 Conjuration/Poison/Air       3
 P - a book of Air

   Spells                             Type                      Level
   a - Shock                          Conjuration/Air              1
   b - Swiftness                      Charms/Air                   2
   c - Static Discharge               Conjuration/Air              3
   d - Airstrike                      Air                          4
   e - Lightning Bolt                 Conjuration/Air              5
 R - a book of Frost

   Spells                             Type                      Level
   a - Freeze                         Ice                          1
   b - Throw Frost                    Conjuration/Ice              2
   c - Ozocubu's Armour               Charms/Ice                   3
   d - Throw Icicle                   Conjuration/Ice              4
   e - Summon Ice Beast               Ice/Summoning                4
Comestibles
 c - 17 rations


   Skills:
 + Level 7.9 Fighting
 - Level 6.2 Armour
 + Level 7.6 Dodging
 - Level 2.0 Stealth
 - Level 4.7 Shields
 - Level 2.0 Spellcasting
 - Level 6.0 Conjurations
 - Level 7.0 Air Magic
 + Level 7.1 Invocations
 + Level 7.5 Evocations


You had 6 spell levels left.
You knew the following spells:

 Your Spells              Type           Power        Failure   Level  Hunger
a - Shock                 Conj/Air       ###.         1%          1    #......
b - Static Discharge      Conj/Air       ###.....     4%          3    ###....
c - Swiftness             Chrm/Air       ##......     8%          2    ###....
d - Blink                 Tloc           N/A          30%         2    ###....


Dungeon Overview and Level Annotations

Branches:
Dungeon (9/15)             Temple (0/1) D:7            Lair (1/6) D:8
    Orc (0/2) D:9

Altars:
Ashenzari
Dithmenos
Hepliaklqana
Nemelex Xobeh
Qazlal
Sif Muna
Trog
Uskayaw
Vehumet
Wu Jian
Xom
Yredelemnul

Shops:
D:9 (

Annotations:
D:9 p0werm0de's ghost, novice MfAE


Innate Abilities, Weirdness & Mutations

You have a beak for a mouth.
You have claws for feet.
You can fly.
Your life essence is reduced to manifest your ancestor. (-10% HP)


Message History

You feel very sick. The black mamba closely misses you.
You riposte.
You hit the black mamba.
Zacarias hits the black mamba with a dagger of draining!
The black mamba dies!
You take 3 damage, and have 15/61 hp.
* * * LOW HITPOINT WARNING * * *
You feel sick.
You take 2 damage, and have 13/61 hp.
* * * LOW HITPOINT WARNING * * *
You feel sick.
The yak gores Zacarias.
Zacarias points at the yak and mumbles some strange words.
The yak appears confused.
You take 2 damage, and have 11/61 hp.
* * * LOW HITPOINT WARNING * * *
You feel sick.
You take 1 damage, and have 10/61 hp.
You feel quick.
* * * LOW HITPOINT WARNING * * *
You feel sick. The yak gores you!
You die...

#....##....#....#.....≈≈≈≈≈..###
#....#.......#..##.#...≈≈≈...###
##S#........#....##...##.........
#P..........P....##.#............
...Y..#..........##...#.#.(#..###
..#..##...P.#.P.# #...#.#.###.# #
..#.##....#.#.#.##...##....#..###
....P#.........Y###..##.#........
..........†....#@.......##.#...##
..#.#.#.#.#.##.#.#...####....#...
........#........##.## #......##
....#####...P..#.##..####...#.##
..### #...#.##[##.###P..#.#.##
#.# #.#.#.##..............P# P.#
#.....................## #.#
##.†.#####..#####.#####
#.P########..# ##..# #.##


You could see a yak.

Vanquished Creatures
  A hydra (Lair:1)
  Pikel (D:6)
  A black mamba (Lair:1)
  Joseph (D:8)
  Maurice (D:7)
  A komodo dragon (Lair:1)
  A troll (D:8)
  2 slime creatures (D:6)
  2 wargs (D:8)
  2 water moccasins
  2 porcupines (Lair:1)
  A slave (D:6)
  2 orc warriors
  2 phantoms
  5 ogres
  A centaur (D:5)
  2 crocodiles
  3 big kobolds
  3 bullfrogs
  3 gnoll sergeants (D:9)
  A water moccasin zombie (D:8)
  Dowan (D:6)
  2 scorpions (D:7)
  4 jellies (D:6)
  2 bullfrog zombies
  3 crimson imps
  A quasit (D:7)
  A centaur skeleton (D:5)
  3 hounds
  4 bullfrog skeletons
  2 orc priests
  Jessica (D:5)
  An iguana (D:8)
  6 orc wizards
  6 worker ants
  2 hound zombies
  A gnoll (D:7)
  7 adders
  A shadow imp (D:8)
  2 oozes (D:6)
  4 worms
  2 dart slugs
  9 leopard geckos
  20 orcs
  2 ball pythons
  6 bats
  5 giant cockroaches
  7 goblins
  7 hobgoblins
  5 jackals
  28 kobolds
  4 quokkas
  5 frilled lizards
  A hobgoblin zombie (D:5)
  A kobold zombie (D:5)
  2 orc zombies (D:5)
  A quokka zombie (D:9)
  4 rats
201 creatures vanquished.

Vanquished Creatures (collateral kills)
  A black mamba (Lair:1)
  2 spiny frogs (Lair:1)
  2 komodo dragons (Lair:1)
  A slime creature (D:6)
  A yak (Lair:1)
  A hungry ghost (D:7)
  Edmund (D:5)
  A warg (D:8)
  Duvessa (D:6)
  A sky beast (D:9)
  2 ice beasts
  A slave (D:6)
  3 centaurs
  3 ogres
  2 big kobolds (D:9)
  A scorpion (D:9)
  A howler monkey (D:7)
  3 crimson imps
  2 orc priests
  2 jellies
  An iguana (D:7)
  4 orc wizards
  2 worker ants
  A mummy (D:5)
  3 gnolls
  A hexer (D:6)
  An adder (D:2)
  A shadow imp (D:5)
  2 oozes (D:6)
  An adder zombie (D:9)
  2 worms (D:4)
  2 leopard geckos (D:6)
  7 orcs
  A bat (D:3)
  A giant cockroach (D:6)
  A jackal (D:5)
  6 quokkas
  A frilled lizard (D:4)
  7 kobolds
  A rat (D:2)
  A fungus (D:5)
79 creatures vanquished.

Vanquished Creatures (others)
  7 hexers
  12 fungi
  7 toadstools (D:6)
26 creatures vanquished.

Grand Total: 306 creatures vanquished

Notes
Turn   | Place    | Note
-------+----------+-------------------------------------------
     0 | D:1      | zhorgal the Tengu Air Elementalist began the quest for the Orb.
     0 | D:1      | Reached XP level 1. HP: 10/10 MP: 4/4
   302 | D:1      | Reached XP level 2. HP: 11/16 MP: 0/6
   713 | D:1      | Reached skill level 1 in Fighting
  1115 | D:1      | Reached XP level 3. HP: 17/20 MP: 7/7
  1442 | D:2      | Found a faded altar of an unknown god.
  1451 | D:2      | Became a worshipper of Hepliaklqana the Forgotten
  1451 | D:2      | Reached * piety under Hepliaklqana
  1476 | D:2      | Learned a level 3 spell: Static Discharge
  1479 | D:2      | Learned a level 2 spell: Swiftness
  2212 | D:2      | Found a stormy altar of Qazlal.
  2331 | D:2      | Reached XP level 4. HP: 16/23 MP: 5/8
  3202 | D:2      | Reached skill level 5 in Air Magic
  3329 | D:3      | Reached skill level 1 in Invocations
  3709 | D:3      | Reached ** piety under Hepliaklqana
  3710 | D:3      | Remembered your ancestor Zacarias as a hexer
  3915 | D:3      | Gained mutation: You can fly. [Tengu growth]
  3915 | D:3      | Reached XP level 5. HP: 16/27 MP: 9/9
  4784 | D:5      | Entered Level 5 of the Dungeon
  4799 | D:5      | Reached skill level 1 in Evocations
  4873 | D:5      | Noticed an ogre
  4904 | D:5      | Killed an ogre
  4904 | D:5      | Reached XP level 6. HP: 32/32 MP: 10/10
  5695 | D:5      | Reached XP level 7. HP: 36/36 MP: 6/11
  6177 | D:5      | Reached skill level 5 in Conjurations
  6553 | D:5      | Reached XP level 8. HP: 38/43 MP: 12/12
  6677 | D:6      | Noticed Dowan
  6817 | D:6      | Noticed Duvessa
  6818 | D:6      | Killed Dowan
  6856 | D:6      | Killed Duvessa
  6982 | D:6      | Found the +0 pair of fencer's gloves {+Riposte Dex+3}
  7098 | D:6      | Reached *** piety under Hepliaklqana
  7223 | D:6      | Found a bloodstained altar of Trog.
  7657 | D:5      | Found a radiant altar of Vehumet.
  7657 | D:5      | Found a shadowy altar of Dithmenos.
  7657 | D:5      | Noticed Edmund
  7667 | D:5      | Killed Edmund
  7669 | D:5      | Found a hide-covered altar of Uskayaw.
  7684 | D:6      | Reached skill level 1 in Armour
  7923 | D:6      | Noticed Pikel
  7943 | D:6      | Killed Pikel
  7943 | D:6      | Reached skill level 1 in Shields
  8037 | D:5      | Found a basalt altar of Yredelemnul.
  8161 | D:5      | Reached XP level 9. HP: 39/46 MP: 10/13
  8340 | D:5      | Noticed Jessica
  8345 | D:5      | Killed Jessica
  8377 | D:5      | Found a deep blue altar of Sif Muna.
  8454 | D:5      | Found a sparkling altar of Nemelex Xobeh.
  8836 | D:6      | Reached skill level 5 in Fighting
  9498 | D:7      | Reached skill level 5 in Evocations
  9616 | D:7      | Found a staircase to the Ecumenical Temple.
  9835 | D:7      | Reached **** piety under Hepliaklqana
 10074 | D:7      | Reached skill level 5 in Invocations
 10114 | D:7      | Reached XP level 10. HP: 45/54 MP: 13/15
 10166 | D:7      | Noticed a death knight
 10391 | D:8      | Reached skill level 5 in Dodging
 10517 | D:8      | Noticed Maurice
 10845 | D:7      | Killed Maurice
 10905 | D:8      | Found a staircase to the Lair.
 11392 | D:8      | Noticed Joseph
 11426 | D:8      | Killed Joseph
 11565 | D:8      | Reached skill level 5 in Armour
 11757 | D:9      | Found a shattered altar of Ashenzari.
 11821 | D:9      | Learned a level 2 spell: Blink
 11876 | D:9      | Found Muilila's Weapon Boutique.
 12063 | D:9      | Found an ornate altar of the Wu Jian Council.
 12162 | D:9      | Found a shimmering altar of Xom.
 12166 | D:9      | Found a shimmering altar of Xom.
 12167 | D:9      | Found a shimmering altar of Xom.
 12320 | D:9      | Reached ***** piety under Hepliaklqana
 12325 | D:9      | Noticed p0werm0de's ghost (novice MfAE)
 12660 | D:9      | Found a staircase to the Orcish Mines.
 13044 | D:8      | Reached XP level 11. HP: 22/60 MP: 4/16
 13586 | Lair:1   | Entered Level 1 of the Lair of Beasts
 14055 | Lair:1   | Noticed a six-headed hydra
 14065 | Lair:1   | Killed a six-headed hydra
 15031 | Lair:1   | Slain by a yak

Skill      XL: |  1  2  3  4  5  6  7  8  9 10 11 |
---------------+----------------------------------+-----
Conjurations   | 2 3 4 5 6 |  6.0
Fighting       | 1 2 3 4 5 7 |  7.9
Air Magic      | 5 6 7 |  7.0
Invocations    | 1 2 3 4 5 6 7 |  7.1
Evocations     | 1 2 3 4 5 6 7 |  7.5
Armour         | 2 4 5 6 |  6.2
Dodging        | 3 4 6 7 |  7.6
Shields        | 2 3 4 |  4.7
Stealth        | |  2.0
Spellcasting   | |  2.0

Action                   |  1- 3 |  4- 6 |  7- 9 | 10-12 || total
-------------------------+-------+-------+-------+-------++-------
Melee: Club              |    24 |       |       |       ||    24
       Kick              |     7 |    19 |    80 |   133 ||   239
       Peck              |     4 |    14 |    47 |    82 ||   147
       Short sword       |    15 |   100 |   225 |   287 ||   627
       Dagger            |       |       |       |    21 ||    21
Throw: Stone             |       |       |     1 |       ||     1
 Cast: Shock             |    38 |    31 |    55 |    40 ||   164
       Swiftness         |       |       |       |     3 ||     3
Invok: Ancestor Life: He |       |     1 |       |       ||     1
       Ancestor Identity |       |     1 |       |       ||     1
       Recall Ancestor   |       |       |     2 |     3 ||     5
       Transference      |       |       |       |     1 ||     1
       Idealise          |       |       |       |     1 ||     1
Evoke: Wand              |       |       |       |    12 ||    12
  Use: Potion            |       |     2 |       |     1 ||     3
       Scroll            |       |     6 |     3 |     8 ||    17
 Stab: Sleeping          |     2 |     2 |       |     3 ||     7
       Confused          |       |     1 |     3 |    10 ||    14
       Distracted        |       |       |     5 |     7 ||    12
  Eat: Chunk             |     5 |     7 |    13 |    10 ||    35
       Ration            |       |     1 |     1 |     2 ||     4
Armor: Robe              |    14 |    21 |    21 |    37 ||    93
Dodge: Dodged            |    56 |    95 |   123 |   237 ||   511
Block: Buckler           |       |       |       |    54 ||    54
       Rpst.: Short sword |       |       |    29 |    63 ||    92
       Dagger            |       |       |       |     3 ||     3
